 Dungeon Crawl Stone Soup version 0.24-a0-22-g2a401c0 (console) character file.

Game seed: 14106625105638104239

65 Duffy the Chopper (level 4, -2/39 HPs)
             Began as a Naga Gladiator on Feb 1, 2019.
             Killed from afar by an orc wizard (5 damage)
             ... with a magic dart
             ... on level 2 of the Dungeon.
             The game lasted 00:00:41 (753 turns).

Duffy the Chopper (Naga Gladiator)                   Turns: 753, Time: 00:00:41

Health: -2/39      AC:  3    Str: 17    XL:     4   Next: 14%
Magic:  4/4        EV: 10    Int:  8    God:
Gold:   58         SH:  0    Dex: 13    Spells: 3/3 levels left

rFire    . . .     SeeInvis +   a - +0 war axe
rCold    . . .     Gourm    .   (no shield)
rNeg     . . .     Faith    .   b - +0 leather armour
rPois    +         Spirit   .   c - +0 helmet
rElec    .         Reflect  .   (no cloak)
rCorr    .         Harm     .   (no gloves)
MR       .....                  (no barding)
Stlth    +.........             (no amulet)
HPRegen  0.13/turn              (no ring)
MPRegen  0.09/turn              (no ring)

@: short of breath, slowed, very slow
A: large, see invisible, deformed body, poison resistance, slowness 2, slow
metabolism 1, spit poison 1, AC +1
a: Spit Poison


You were on level 2 of the Dungeon.
You were not hungry.

You visited 1 branch of the dungeon, and saw 2 of its levels.

You collected 58 gold pieces.

Inventory:

Hand Weapons
 a - a +0 war axe (weapon)
Missiles
 d - 3 throwing nets (quivered)
Armour
 b - a +0 leather armour (worn)
 c - a +0 helmet (worn)
Scrolls
 e - a scroll of remove curse {unknown}
 h - 5 scrolls of teleportation {unknown}
 i - a scroll of identify {unknown}
Comestibles
 f - 3 rations
 g - 2 chunks of flesh


   Skills:
 - Level 2.0 Fighting
 + Level 4.9 Axes
 - Level 1.7 Throwing
 - Level 2.4 Dodging


You had 3 spell levels left.
You didn't know any spells.
Your spell library was empty.

Dungeon Overview and Level Annotations

Branches:
Dungeon (2/15)

Altars:


Innate Abilities, Weirdness & Mutations

You cannot wear boots.
Your serpentine skin is tough. (AC +1)
You have supernaturally acute eyesight. (SInv)
Armour fits poorly on your strangely shaped body.
Your system is resistant to poisons. (rPois)
You cover ground very slowly.
You have a slow metabolism.
You can spit poison.


Message History

You kill the orc!
You closely miss the orc wizard.
You have got your breath back.
The orc wizard gestures at you while chanting.
The magic dart hits you.
The orc wizard gestures wildly while chanting.
The orc wizard blinks!
The orc wizard gestures at you while chanting.
The magic dart hits you.
The orc wizard mumbles some strange words.
The orc wizard seems to speed up.
Press: ? - help, Shift-Dir - straight line, f - orc wizard
Aim: an orc wizard, wielding a +0 dagger and wearing a +0 robe (almost dead, fast)
The splash of poison misses the orc wizard.
You feel slightly more hungry.
The orc wizard points at you and mumbles some strange words.
You resist with some effort.
The orc wizard points at you and mumbles some strange words.
The magic dart hits you.
You die...

#.# #.# #.# #.# .
#.# . #.# .#
#)##.##### .
###)#......#
...###.@........#
...o............
...###..........
######.!.....###
#............#
#............#
#........%...#
#.......###.##
........# #.#


You could see an orc wizard.

Vanquished Creatures
  An orc priest (D:2)
  2 adders (D:2)
  A dart slug (D:1)
  2 orcs (D:2)
  2 bats (D:1)
  2 goblins
  3 hobgoblins
  2 kobolds
  A rat (D:1)
16 creatures vanquished.

Notes
Turn   | Place    | Note
-------+----------+-------------------------------------------
     0 | D:1      | Duffy the Naga Gladiator began the quest for the Orb.
     0 | D:1      | Reached XP level 1. HP: 19/19 MP: 1/1
   196 | D:1      | Reached XP level 2. HP: 26/26 MP: 2/2
   434 | D:2      | Reached skill level 4 in Axes
   710 | D:2      | Reached XP level 3. HP: 32/32 MP: 3/3
   745 | D:2      | Reached XP level 4. HP: 16/39 MP: 4/4
   753 | D:2      | Killed from afar by an orc wizard

Vault maps used:
D:1:      dpeg_arrival_boxes_within_box, minivault_14
D:2:      first_ration, minmay_fountain_box

Skill      XL: |  1  2 |
---------------+-------+-----
Axes           | 4 |  4.9
Fighting       | |  2.0
Throwing       | |  1.7
Dodging        | |  2.4

Action                   |  1- 3 |  4- 6 || total
-------------------------+-------+-------++-------
Melee: War axe           |    42 |     4 ||    46
 Abil: Spit Poison       |     1 |     2 ||     3
Armor: Leather armour    |    20 |     2 ||    22
Dodge: Dodged            |    34 |     6 ||    40

Table legend:
 A = Non-vault XP
 B = Vault XP
 C = Vault XP percentage of total XP
 D = Non-vault monster count
 E = Vault monster count
 F = Vault count percentage of total count
                 A         B        C        D         E       F
            +---------+---------+-------+---------+---------+-------
      Total |      94 |       0 |   0.0 |      16 |       0 |   0.0
            +---------+---------+-------+---------+---------+-------
        D:1 |      16 |       0 |   0.0 |       8 |       0 |   0.0
        D:2 |      78 |       0 |   0.0 |       8 |       0 |   0.0
            +---------+---------+-------+---------+---------+-------
